AoeStats
← TM Caesar

Hideout

507840871Analyzed
1v1 RM · 13d ago on Sep 19, 2026· 48m 18s· 2 players
Game mode
Random Map
Map size
Tiny (2 player)
Population
200
Speed
Normal
Resources
Standard
Victory
Conquest
Starting age
Dark Age
Ending age
Imperial Age
RankedLock teamsTeams togetherTeam positionsShared explorationLock speedFull tech treeHidden civsTurbo modeCheats
Victory
Defeat
🇦🇷 Britons · Argentina
1654
+16
🇧🇷 Chinese · Brazil
1653
-16
GAX | Anderson Cassiano
0:26 Loom
10:07 Feudal Age
14:05 Castle Age
12:13 Horse Collar
12:45 Double-Bit Axe
15:11 Bow Saw
15:50 Town Watch
16:03 Fletching
21:35 Bodkin Arrow
21:45 Crossbowman
24:15 Gold Mining
26:44 Wheelbarrow
27:51 Heavy Plow
28:38 Stone Mining
33:24 Imperial Age
31:12 Hand Cart
31:39 Stone Shaft Mining
31:12 Padded Archer Armor
31:13 Elite Skirmisher
32:54 Leather Archer Armor
34:37 Bracer
34:44 Thumb Ring
36:13 Gold Shaft Mining
36:27 Ring Archer Armor
37:17 Chemistry
38:29 Ballistics
37:47 Elite Fire Lancer
38:28 Squires
38:29 Scale Mail Armor
38:39 Forging
40:45 Chain Mail Armor
41:06 Iron Casting
42:43 Scale Barding Armor
44:04 Blast Furnace
43:19 Bloodlines
42:29 Cavalier
44:18 Chain Barding Armor
48:43 Two-Man Saw
TM Caesar
10:11 Feudal Age
14:28 Castle Age
13:00 Double-Bit Axe
13:20 Horse Collar
14:19 Gold Mining
14:41 Fletching
15:26 Crossbowman
18:12 Bodkin Arrow
21:28 Bow Saw
21:25 Loom
22:46 Wheelbarrow
23:26 Ballistics
23:29 Padded Archer Armor
26:33 Hand Cart
28:01 Gold Shaft Mining
32:21 Imperial Age
30:08 Heavy Plow
33:03 Bracer
33:25 Conscription
34:15 Chemistry
34:08 Leather Archer Armor
34:14 Siphons
34:15 Warwolf
34:02 Arbalester
35:17 Siege Engineers
36:35 Ring Archer Armor
35:48 Elite Skirmisher
38:38 Masonry
38:43 Scale Barding Armor
38:27 Town Watch
39:52 Chain Barding Armor
40:21 Husbandry
39:52 Light Cavalry
42:19 Two-Man Saw
41:49 Forging
43:12 Plate Barding Armor
43:42 Iron Casting
47:53 Blast Furnace
Connection lost

Rejoining the realm…

Still unreachable

The connection could not be restored.

Session expired

The server has moved on; the page needs a fresh start.